 Dungeon Crawl Stone Soup version 0.19.5 (webtiles) character file.

516 Lizzreth the Slasher (level 7, 0/52 HPs)
             Began as a Demonspawn Fighter on Mar 15, 2017.
             Slain by an orc priest
             ... wielding a +0 flail
              (5 damage)
             ... on level 3 of the Dungeon.
             The game lasted 00:15:48 (2663 turns).

Lizzreth the Slasher (Demonspawn Fighter)           Turns: 2663, Time: 00:15:48

Health: 0/52       AC:  6    Str: 22    XL:     7   Next: 0%
Magic:  7/7        EV:  8    Int: 11    God:
Gold:   210        SH:  9    Dex: 15    Spells: 0 memorised, 6 levels left

rFire  + . .     SeeInvis .     m - +0 falchion
rCold  . . .     Gourm    .     r - +0 ring mail
rNeg   . . .     Faith    .     c - +0 shield
rPois  .         Spirit   .     (no helmet)
rElec  .         Reflect  .     (no cloak)
rCorr  .         Harm     .     j - +0 pair of gloves
MR     .....                    (no boots)
Stlth  +.........               (no amulet)
                                x - +2 ring of intelligence
                                g - +6 ring of strength

@: no status effects
A: fire resistance 1, spiny 1
a: no special abilities


You were on level 3 of the Dungeon.
You were not hungry.

You visited 1 branch of the dungeon, and saw 3 of its levels.

You collected 210 gold pieces.

Inventory:

Hand Weapons
 a - a +0 long sword
 m - a +0 falchion (weapon)
Armour
 b - a +0 scale mail
 c - a +0 shield (worn)
 e - a +0 robe
 j - a +0 pair of gloves (worn)
 r - a +0 ring mail (worn)
Jewellery
 g - a +6 ring of strength (left hand)
 x - a +2 ring of intelligence (right hand)
Scrolls
 f - a scroll of fear {unknown}
 i - a scroll of immolation {unknown}
 k - 4 scrolls of remove curse {unknown}
 n - a scroll of noise {unknown}
 s - 6 scrolls of identify {unknown}
 u - a scroll of blinking {unknown}
 v - a scroll of enchant armour {unknown}
 w - 2 scrolls of enchant weapon {unknown}
Potions
 d - 3 potions of might
 o - a potion of magic {unknown}
 p - a potion of lignification {unknown}
Comestibles
 l - a beef jerky
 q - 3 fruits
 t - a royal jelly


   Skills:
 - Level 3.0 Fighting
 + Level 7.0 Long Blades
 - Level 2.6 Armour
 - Level 2.6 Shields


You had 6 spell levels left.
You didn't know any spells.

Dungeon Overview and Level Annotations

Branches:
Dungeon (3/15)

Altars:


Innate Abilities, Weirdness & Mutations

Your flesh is heat resistant. (rF+)
You are partially covered in sharp spines.


Message History

You hit the orc priest.
The orc priest is moderately wounded.
You block the orc priest's attack.
You closely miss the orc priest.
The orc priest is moderately wounded.
You block the orc priest's attack.
You hit the orc priest but do no damage.
The orc priest is moderately wounded.
The orc priest hits you with a flail.
* * * LOW HITPOINT WARNING * * *
You closely miss the orc priest.
The orc priest is moderately wounded.
The orc priest closely misses you.
You closely miss the orc priest.
The orc priest is moderately wounded.
The orc priest barely misses you.
You hit the orc priest.
The orc priest is heavily wounded.
The orc priest hits you with a flail.
You die...

#.# ######............ #.#
#...##.##.........
##.######...#####.........
...............##......###
......###...##.##ooo......
(.....# ######.###.#####..
......# #.# #.# . .#.####
#.###o# .#.# ##### #..@oo#
...# ###≈≈≈#######.# #..#
#≈≈≈≈≈≈≈≈ ###### ...##
≈≈≈≈≈≈≈######...###
.#..####≈≈≈###..........#####
.......#####..)..).###......#
............))######≈###....#
....###.....###≈≈≈≈≈≈≈≈######
......#######....≈≈≈≈≈≈≈≈#


You could see an orc priest, an orc wizard and an orc.

Vanquished Creatures
  The ghost of MirrMurr the Ruffian, an amateur TrMo (D:3)
  A big kobold (D:3)
  A scorpion (D:3)
  2 orc priests (D:3)
  2 orc wizards (D:3)
  5 adders
  4 worms (D:3)
  3 dart slugs
  9 orcs (D:3)
  4 giant cockroaches
  6 goblins
  6 hobgoblins
  4 jackals (D:3)
  A quokka (D:3)
  7 bats
  4 frilled lizards
  15 kobolds
  6 rats
81 creatures vanquished.

Notes
Turn   | Place    | Note
-------+----------+-------------------------------------------
     0 | D:1      | Lizzreth the Demonspawn Fighter began the quest for the Orb.
     0 | D:1      | Reached XP level 1. HP: 18/18 MP: 1/1
   121 | D:1      | Reached skill level 2 in Long Blades
   326 | D:1      | Gained mutation: You are partially covered in sharp spines. [demonic ancestry]
   326 | D:1      | Reached XP level 2. HP: 23/24 MP: 2/2
   781 | D:2      | Reached skill level 3 in Long Blades
   792 | D:2      | Reached XP level 3. HP: 25/29 MP: 3/3
  1493 | D:3      | Reached skill level 4 in Long Blades
  1493 | D:3      | Gained mutation: Your flesh is heat resistant. (rF+) [demonic ancestry]
  1493 | D:3      | Reached XP level 4. HP: 33/35 MP: 4/4
  1550 | D:3      | Noticed MirrMurr's ghost (amateur TrMo)
  1769 | D:3      | Killed MirrMurr's ghost
  1769 | D:3      | Reached skill level 5 in Long Blades
  1769 | D:3      | Reached XP level 5. HP: 18/41 MP: 5/5
  1769 | D:3      | Reached XP level 6. HP: 21/47 MP: 6/6
  2072 | D:3      | Reached skill level 6 in Long Blades
  2657 | D:3      | Reached skill level 7 in Long Blades
  2657 | D:3      | Reached XP level 7. HP: 7/52 MP: 7/7
  2663 | D:3      | Slain by an orc priest

Skill      XL: |  1  2  3  4  5  6 |
---------------+-------------------+-----
Long Blades    | 2 3 4 5 7 |  7.0
Fighting       | |  3.0
Armour         | |  2.6
Shields        | |  2.6

Action                   |  1- 3 |  4- 6 |  7- 9 || total
-------------------------+-------+-------+-------++-------
Melee: Long sword        |   106 |    87 |       ||   193
       Falchion          |       |    32 |     6 ||    38
  Use: Potion            |       |     7 |       ||     7
  Eat: Chunk             |     2 |       |       ||     2
       Bread ration      |       |     1 |       ||     1
Armor: Scale mail        |    40 |       |       ||    40
       Ring mail         |     2 |    33 |       ||    35
Dodge: Dodged            |    40 |    42 |     2 ||    84
Block: Shield            |    64 |    59 |     2 ||   125
       Rpst.: Long sword |     8 |     5 |       ||    13
       Falchion          |       |     4 |       ||     4
